 Dungeon Crawl Stone Soup version 0.22-a0-469-gf26638a (webtiles) character file.

337 DrEnzyme the Skirmisher (level 6, -6/67 HPs)
             Began as an Octopode Wanderer on June 11, 2018.
             Mangled by ShrewdGherkins's ghost (8 damage)
             ... on level 5 of the Dungeon.
             The game lasted 00:18:02 (4712 turns).

DrEnzyme the Skirmisher (Octopode Wanderer)         Turns: 4712, Time: 00:18:03

Health: -6/67      AC: 23    Str: 13    XL:     6   Next: 54%
Magic:  9/9        EV:  2    Int: 14    God:
Gold:   242        SH:  6    Dex: 19    Spells: 9/9 levels left

rFire    . . .     SeeInvis +   b - +1 mace
rCold    . . .     Gourm    .   o - +1 buckler
rNeg     + + +     Faith    .   (helmet currently unavailable)
rPois    +         Spirit   .   (no amulet)
rElec    .         Reflect  .   (no ring)
rCorr    .         Harm     .   (no ring)
MR       .....     NoTele   +   (no ring)
Stlth    +++.......             (no ring)
HPRegen  0.21/turn              (no ring)
MPRegen  0.11/turn              (no ring)
                                (no ring)
                                (no ring)

@: agile, tree-form (expiring)
A: almost no armour, stealthy swim, (amphibious), 8 rings, (constrict 8), see
invisible, strong 1
a: no special abilities


You were on level 5 of the Dungeon.
You were hungry.
You were a tree.
You visited 1 branch of the dungeon, and saw 5 of its levels.

You collected 242 gold pieces.

Inventory:

Hand Weapons
 b - a +1 mace (weapon)
 n - a +1 vampiric falchion
 p - a cursed -1 short sword
Armour
 o - a +1 buckler (worn)
Jewellery
 i - an uncursed ring of protection from magic
Wands
 m - a wand of digging (6)
Scrolls
 f - a scroll of amnesia
 s - a scroll of enchant weapon
Potions
 a - a potion of cancellation
 c - 4 potions of lignification
 g - 2 potions of mutation
 k - 3 potions of flight
Comestibles
 d - 6 rations


   Skills:
 + Level 4.8 Fighting
 + Level 4.0 Maces & Flails
 - Level 2.0 Throwing
 - Level 1.3 Dodging
 + Level 2.9 Shields
 - Level 2.0 Spellcasting
   Level 1.0 Charms


You had 9 spell levels left.
You didn't know any spells.
Your spell library contained the following spells:

 Spells                   Type           Power        Failure   Level  Hunger
 Regeneration             Chrm/Necr      #.........   54%         3    ####...
 Shroud of Golubria       Chrm/Tloc      #.........   32%         2    ###....
 Infusion                 Chrm           #...         17%         1    ##.....
 Song of Slaying          Chrm           #.......     26%         2    ###....
 Spectral Weapon          Hex/Chrm       #.......     54%         3    ####...


Dungeon Overview and Level Annotations

Branches:
Dungeon (5/15)
 Temple: D:4-7

Altars:
Cheibriados
Fedhas
Hepliaklqana
Kikubaaqudgha
Okawaru
Ru
Wu Jian

Shops:
D:4 =

Annotations:
D:4 exclusion: slave, Blork the orc
D:5 1 exclusion, Prince Ribbit; ShrewdGherkins's ghost, novice GrFi


Innate Abilities, Weirdness & Mutations

You cannot wear most types of armour.
You are very stealthy in the water. (Stealth+)
((You are amphibious.))
You can wear up to eight rings at the same time.
((You can use your tentacles to constrict eight enemies at once.))
((Your skin changes colour to match your surroundings (Stealth+).))
((Your rubbery body absorbs attacks. (AC +1, EV +1)))
You have supernaturally acute eyesight. (SInv)
((You are covered in fur. (AC +1)))
Your muscles are strong. (Str +2)


Message History

ShrewdGherkins's ghost is lightly damaged.
ShrewdGherkins's ghost hits you but does no damage.
You barely miss ShrewdGherkins's ghost.
ShrewdGherkins's ghost is lightly damaged.
Your transformation is almost over.
You block ShrewdGherkins's ghost's attack.
ShrewdGherkins's ghost hits you.
* * * LOW HITPOINT WARNING * * *
You hit ShrewdGherkins's ghost but do no damage.
ShrewdGherkins's ghost is lightly damaged.
ShrewdGherkins's ghost hits you.
* * * LOW HITPOINT WARNING * * *
You hit ShrewdGherkins's ghost but do no damage.
ShrewdGherkins's ghost is lightly damaged.
Prince Ribbit blinks!
ShrewdGherkins's ghost hits you.
* * * LOW HITPOINT WARNING * * *
You hit ShrewdGherkins's ghost but do no damage.
ShrewdGherkins's ghost is lightly damaged.
ShrewdGherkins's ghost hits you!
You die...

### #♣##
##W## ##F##
##§#########
##.##.....##
##.#......#
#. ...#
##.......#
#. .#.#
##......#.
#. .#.#
####......#.


You could see Prince Ribbit and ShrewdGherkins's ghost.

Vanquished Creatures
  A scorpion (D:3)
  A howler monkey (D:4)
  An orc wizard (D:5)
  2 worker ants
  A hound skeleton (D:5)
  4 gnolls (D:3)
  An adder (D:4)
  2 shadow imps (D:5)
  An adder skeleton (D:4)
  3 worms
  A dart slug (D:1)
  4 leopard geckos
  12 orcs
  9 bats
  5 giant cockroaches
  5 goblins
  5 hobgoblins
  2 quokkas
  2 ball pythons
  2 frilled lizards (D:3)
  4 kobolds
  A quokka skeleton (D:5)
  A quokka zombie (D:5)
  6 rats
  A fungus (D:1)
77 creatures vanquished.

Vanquished Creatures (others)
  5 toadstools (D:1)
5 creatures vanquished.

Grand Total: 82 creatures vanquished

Notes
Turn   | Place    | Note
-------+----------+-------------------------------------------
     0 | D:1      | DrEnzyme the Octopode Wanderer began the quest for the Orb.
     0 | D:1      | DrEnzyme set off with: a +0 mace, a potion of lignification, a ration
     0 | D:1      | Reached XP level 1. HP: 16/16 MP: 3/3
   341 | D:1      | Reached XP level 2. HP: 21/21 MP: 5/5
   492 | D:1      | Reached skill level 1 in Dodging
   937 | D:2      | Reached XP level 3. HP: 13/26 MP: 6/6
  1629 | D:2      | Found an iron altar of Okawaru.
  1667 | D:2      | Found a sacrificial altar of Ru.
  1989 | D:3      | Noticed a scorpion
  2128 | D:3      | Reached XP level 4. HP: 27/33 MP: 7/7
  2444 | D:3      | Found an ornate altar of the Wu Jian Council.
  2445 | D:3      | Found a snail-covered altar of Cheibriados.
  2520 | D:3      | Found an ancient bone altar of Kikubaaqudgha.
  2634 | D:3      | Reached skill level 1 in Shields
  2832 | D:3      | Found a blossoming altar of Fedhas.
  2995 | D:3      | Reached XP level 5. HP: 16/37 MP: 8/8
  3319 | D:4      | Noticed a slave
  3423 | D:4      | Reached XP level 6. HP: 37/44 MP: 9/9
  3449 | D:4      | Found Ketoupti's Jewellery Emporium.
  3536 | D:4      | Noticed Blork the orc
  4008 | D:5      | Entered Level 5 of the Dungeon
  4095 | D:5      | Found a hazy altar of Hepliaklqana.
  4445 | D:5      | Noticed ShrewdGherkins's ghost (novice GrFi)
  4637 | D:5      | Noticed Prince Ribbit
  4673 | D:5      | Gained mutation: You have supernaturally acute eyesight. (SInv) [potion of mutation]
  4673 | D:5      | Gained mutation: Your muscles are strong. (Str +2) [potion of mutation]
  4673 | D:5      | Gained mutation: You are covered in fur. (AC +1) [potion of mutation]
  4711 | D:5      | HP: 2/67 [ShrewdGherkins's ghost (4)]
  4712 | D:5      | Mangled by ShrewdGherkins's ghost

Vault maps used:
D:1:      ldierk_walled_garden, minmay_gold_behind_fungi,
          minmay_misc_feat_hallway, minmay_domino_2
D:2:      okawaru_trees_1, nicolae_ru_path_of_blood, first_ration
D:3:      nicolae_overflow_hidden_temple, marbit_many_paths,
          kiku_gazebo_garden_becter, minmay_stone_trees_small,
          minmay_misc_feat_doors
D:4:      serial_shops, shop, minmay_misc_feat_more_columns, uniq_blork_the_orc,
          uniq_natasha, uniq_grinder, uniq_pikel
D:5:      kennysheep_mini, serial_co_window_serial, co_window_paths_a,
          co_window_paths_b, co_window_of_opportunity_a, co_window_cross_1,
          co_window_cross_1, co_window_corner_a, co_window_paths_a,
          co_window_of_opportunity_a, co_window_corner_a,
          co_window_unsneaky_path_e, co_window_broadway_b, co_window_corner_b,
          co_window_unsneaky_path_b, co_window_unsneaky_path_e,
          co_window_paths_c, co_window_of_opportunity_b, glass_columns_b,
          glass_columns_c, minmay_crystal_room, uniq_prince_ribbit1

Skill      XL: |  1  2  3  4  5  6 |
---------------+-------------------+-----
Dodging        | 1 |  1.3
Shields        | 1 2 |  2.9
Fighting       | 4 |  4.8
Maces & Flails | 3 4 |  4.0
Throwing       | |  2.0
Spellcasting   | |  2.0
Charms         | |  1.0

Action                   |  1- 3 |  4- 6 || total
-------------------------+-------+-------++-------
Melee: Mace              |    94 |   111 ||   205
       Constrict         |    29 |    24 ||    53
       Tentacles         |    20 |    17 ||    37
Evoke: Wand              |       |     1 ||     1
  Use: Scroll            |     1 |    10 ||    11
       Potion            |       |    10 ||    10
 Stab: Sleeping          |     2 |     5 ||     7
  Eat: Chunk             |     3 |     8 ||    11
Armor: Skin              |    25 |    28 ||    53
Dodge: Dodged            |    68 |    37 ||   105
Block: Buckler           |     6 |    20 ||    26

Table legend:
 A = Spawn XP
 B = Non-spawn XP
 C = Spawn XP percentage of total XP
 D = Spawn monster count
 E = Non-spawn monster count
 F = Spawn count percentage of total count
 G = Total turns spent on level
                    A         B        C        D         E        F      G
               +---------+---------+-------+---------+---------+-------+---------
         Total |       0 |     482 |   0.0 |       0 |      76 |   0.0 |  4712
               +---------+---------+-------+---------+---------+-------+---------
           D:1 |       0 |      27 |   0.0 |       0 |      15 |   0.0 |   837
           D:2 |       0 |      35 |   0.0 |       0 |      18 |   0.0 |   926
           D:3 |       0 |     161 |   0.0 |       0 |      21 |   0.0 |  1526
           D:4 |       0 |     119 |   0.0 |       0 |       8 |   0.0 |   719
           D:5 |       0 |     140 |   0.0 |       0 |      14 |   0.0 |   704
               +---------+---------+-------+---------+---------+-------+---------
